Cogmind - Beta 15 @@@ ROGUE MODE // 2025.06.09 @ 05:49:43 Player: Wyvric Result: Destroyed by S-27 Virus with Autogun Performance ------------- Evolutions (3) 1500 Regions Visited (14) 2800 Robots Destroyed (189) 945 Value Destroyed (5473) 5473 Prototype IDs (32) 640 Alien Tech Used (0) 0 Bonus (2998) 2998 TOTAL SCORE: 14356 Bonus ------- High Alert Combat Kills 1052 Follower Combat Kills 46 Entered Garrisons 600 Used RIF Installer 1000 Aligned with FarCom 300 Cogmind --------- Core Integrity 0/700 Matter 115/300 Energy 96/100 System Corruption 16% Temperature Cool (0) Movement Core (50) Location -7/Storage Parts ------- > --- POWER (1) -------- (None) > --- PROPULSION (5) --- (None) > --- UTILITY (3) ------ Improved Signal Interpreter > --- WEAPON (4) ------- (None) > --- INVENTORY (5) ---- Armored Treads Advanced Treads Huge Storage Unit Modified TNC Trap Reconfigurator Peak State ------------ > --- POWER ------------ Cooled Ion Engine > --- PROPULSION ------- Advanced Treads Advanced Treads Advanced Treads Advanced Treads Advanced Treads > --- UTILITY ---------- Improved Cooling System Huge Storage Unit Supersonic Drone Bay > --- WEAPON ----------- Lightning Gun Lightning Gun Lightning Gun Lightning Gun > --- INVENTORY -------- Cooled Ion Engine Light Deuterium Engine Armored Treads Advanced Treads Advanced Treads Improved Cooling System Improved Cooling System Experimental Sensor Array Improved Signal Interpreter Modified TNC Hardened Medium Armor Plating Layered Light Armor Plating Layered Light Armor Plating Component Analysis Suite Trap Reconfigurator Shock Rifle Shock Rifle Improved EM Pulse Cannon Improved EM Pulse Cannon Advanced Beam Cannon Advanced Beam Cannon Advanced Beam Cannon Datajack Plasma Cutter Heavy Hammer [Rating: 56] Favorites ----------- Power Ion Engine Engine Ion Engine Power Core Light Nuclear Core Propulsion Light Treads Treads Light Treads Leg Carbon-fiber Leg Wheel Compact Wheel Hover Unit Aerolev Unit Flight Unit Xenon Bombardment Thruster Utility Huge Storage Unit Device Advanced Heat Sink Storage Huge Storage Unit Processor Improved Signal Interpreter Hackware Hacking Suite Protection Hardened Medium Armor Plating Weapon Heavy EM Shotgun Energy Gun Heavy EM Shotgun Energy Cannon Advanced Beam Cannon Ballistic Gun Assault Rifle Ballistic Cannon Light Cannon Launcher Grenade Launcher Impact Weapon Heavy Hammer Build | -11 -10 -10 -10 -9 -8 -8 -8 -8 -8 -8 -7 -7 -7 -7 ------- Run | Yrd Mat Min Exi Min Mat Gar Mat Gar Mat Gar Fac Was Fac Sto Slots Evolved 6 | . . . . . 4 . . . . . 2 . . . Power . | . . . . . . . . . . . . . . . Propulsion 3 | . . . . . 1 . . . . . 2 . . . Utility 1 | . . . . . 1 . . . . . . . . . Weapon 2 | . . . . . 2 . . . . . . . . . Parts Attached 115 | 7 7 6 . 4 6 13 25 2 17 3 5 4 16 . Power 8 | 1 1 . . 1 . 2 3 . . . . . . . Engine 6 | 1 1 . . 1 . 1 2 . . . . . . . Core 2 | . . . . . . 1 1 . . . . . . . Reactor . | . . . . . . . . . . . . . . . Propulsion 32 | 2 . 2 . . 1 3 9 . 4 1 2 2 6 . Treads 26 | 2 . . . . 1 3 7 . 4 1 2 2 4 . Leg 1 | . . . . . . . . . . . . . 1 . Wheel 2 | . . 2 . . . . . . . . . . . . Hover 1 | . . . . . . . 1 . . . . . . . Flight 2 | . . . . . . . 1 . . . . . 1 . Utility 33 | 1 3 3 . 2 2 3 3 1 3 . 3 2 7 . Device 13 | . 1 2 . . 1 1 . 1 1 . 1 2 3 . Storage 2 | 1 1 . . . . . . . . . . . . . Processor 4 | . . 1 . . . . . . . . . . 3 . Hackware 2 | . 1 . . . . . . . 1 . . . . . Protection 12 | . . . . 2 1 2 3 . 1 . 2 . 1 . Artifact . | . . . . . . . . . . . . . . . Weapon 42 | 3 3 1 . 1 3 5 10 1 10 2 . . 3 . Energy Gun 15 | 1 . . . . . 1 7 . 5 . . . 1 . Energy Cannon 7 | . . . . . . . . . 5 2 . . . . Ballistic Gun 11 | 2 . . . . 3 3 3 . . . . . . . Ballistic Cannon 5 | . 3 1 . . . 1 . . . . . . . . Launcher 1 | . . . . 1 . . . . . . . . . . Special Weapon . | . . . . . . . . . . . . . . . Impact Weapon 3 | . . . . . . . . 1 . . . . 2 . Slashing Weapon . | . . . . . . . . . . . . . . . Piercing Weapon . | . . . . . . . . . . . . . . . Special Melee Weapon . | . . . . . . . . . . . . . . . Unidentified Prototypes 7 | . . 1 . . . . 4 . 1 . . . 1 . Parts Lost 28 | . 2 1 . . . 7 7 . 2 . . 3 6 . Power 4 | . 1 . . . . 1 1 . . . . 1 . . Propulsion 7 | . . . . . . 2 1 . . . . 1 3 . Utility 5 | . . . . . . 1 2 . . . . . 2 . Weapon 12 | . 1 1 . . . 3 3 . 2 . . 1 1 . Highest Loss Streak 4 | . 2 1 . . . 2 4 . 1 . . 3 2 . To Critical Strikes . | . . . . . . . . . . . . . . . Average Backups 19 | 3 9 21 24 24 21 23 22 23 24 23 23 21 4 5 Power 1 | . 1 2 2 2 2 1 2 1 1 1 1 1 . . Propulsion 4 | 2 2 3 4 4 3 4 5 10 8 6 4 2 . 2 Utility 6 | . 1 6 7 11 8 9 7 5 5 6 7 8 3 3 Weapon 7 | . 4 9 10 7 6 7 8 7 8 8 8 6 1 . Tool/Special . | . . . . . . . . . . . . . . . Unused Backups 39 | . 2 . 4 . 1 4 9 . 5 . 2 9 1 2 Power 4 | . . . . . . 1 1 . . . . 2 . . Propulsion 6 | . 2 . . . . . 1 . 1 . 1 1 . . Utility 15 | . . . . . 1 3 2 . 3 . . 4 . 2 Weapon 13 | . . . 4 . . . 5 . 1 . 1 2 . . Tool/Special 1 | . . . . . . . . . . . . . 1 . Average Slot Usage (%) 95 | . 98 100 100 100 98 99 99 100 99 100 98 81 34 7 Engine 9 | . 13 14 14 14 9 4 8 9 9 9 7 5 . . Treads 23 | . 27 26 . . 26 26 26 27 27 27 36 31 7 . Wheel 2 | . . 1 28 28 . . . . . . . . . . Device 6 | . 5 6 14 1 9 2 9 10 11 9 7 12 4 . Storage 10 | . 14 14 14 14 9 9 9 9 9 9 7 5 . . Processor 1 | . . 6 . . . . . . . . . . 8 7 Hackware 1 | . 7 1 . . . . . . . . . . . . Protection 6 | . . . . 12 9 14 8 7 6 9 7 . . . Energy Gun 11 | . . . . . . . 24 32 32 31 30 3 2 . Ballistic Gun 7 | . 2 . . . 33 34 11 . . . . . . . Ballistic Cannon 10 | . 25 28 28 28 1 1 . . . . . . . . Peak Build Rating 56 | 6 10 17 12 13 21 27 49 54 49 46 52 56 25 13 Average Rating 26 | 5 8 10 11 12 19 24 38 48 47 45 51 39 15 5 On Entrance 23 | . 6 10 11 12 13 21 25 49 49 46 46 52 2 5 Naked Turns 36 | . . . . . . . . . . . . 31 5 . Heaviest Build 125 | 13 92 92 92 94 100 111 113 113 125 113 114 107 6 . Greatest Support 110 | 40 40 40 32 32 60 60 84 84 84 66 110 110 20 3 Greatest Overweight (x) 2 | . 2 2 2 2 1 2 2 1 1 1 1 . 1 . Average Overweight (x) 1 | . 1 2 2 2 1 1 1 1 1 1 . . . . Largest Inventory Capacity 25 | 8 25 25 25 25 25 25 25 25 25 25 25 25 5 5 Average Capacity 23 | 6 22 25 25 25 25 25 25 25 25 25 25 21 5 5 Most Carried 25 | 7 16 25 25 25 25 25 25 24 25 25 25 25 5 5 Average Carried 20 | 3 9 21 24 25 22 24 23 24 24 24 24 21 4 4 Final Capacity 25 | 8 25 25 25 25 25 25 25 25 25 25 25 5 5 5 Final Carried 25 | 7 16 24 25 25 25 25 24 24 25 24 25 5 5 5 Class Distribution -------------------- 43% | Mutant 29% | Skirmisher 14% | Scavenger-Skirmisher 9% | Scavenger-Tank Dominant Class ---------------- Mutant | -10/Materials Mutant | -10/Mines Mutant | -10/Exiles Mutant | -9/Mines Skirmisher | -8/Materials Scavenger-Tank | -8/Garrison Scavenger-Skirmisher | -8/Materials Skirmisher | -8/Garrison Skirmisher | -8/Materials Skirmisher | -8/Garrison Tank | -7/Factory Gunner | -7/Waste Mutant | -7/Factory Mutant | -7/Storage Resources | -11 -10 -10 -10 -9 -8 -8 -8 -8 -8 -8 -7 -7 -7 -7 ----------- Run | Yrd Mat Min Exi Min Mat Gar Mat Gar Mat Gar Fac Was Fac Sto Matter Collected 3670 | 259 499 151 . 321 239 974 492 127 241 170 24 . 173 . Remotely . | . . . . . . . . . . . . . . . Salvage Created 7027 | 66 600 203 . 281 305 1270 1801 771 1095 497 24 . 114 . Parts 388 | 8 34 11 . 20 22 60 73 55 73 28 2 . 2 . Haulers Intercepted 7 | . 2 . . . . . 3 . 1 . . . 1 . Recyclers Shooed 4 | . 1 1 . 1 . . 1 . . . . . . . Parts Field Recycled . | . . . . . . . . . . . . . . . Retrieved Matter . | . . . . . . . . . . . . . . . Parts Self-Destructed . | . . . . . . . . . . . . . . . Prevented . | . . . . . . . . . . . . . . . Kills | -11 -10 -10 -10 -9 -8 -8 -8 -8 -8 -8 -7 -7 -7 -7 ------- Run | Yrd Mat Min Exi Min Mat Gar Mat Gar Mat Gar Fac Was Fac Sto Combat Hostiles Destroyed 150 | . 16 4 . 9 8 32 21 27 16 16 . . 1 . Guns 90 | . 1 . . . 8 25 15 22 10 9 . . . . Cannons 29 | . 15 4 . 6 . . . . . 4 . . . . AOE 28 | . . . . 3 . 7 5 5 5 3 . . . . Classes Destroyed 15 | 2 4 . . 2 1 2 2 . 1 1 . . . . Worker 6 | . . . . 1 . . 4 . 1 . . . . . Builder 5 | . . . . . . . . . 5 . . . . . Tunneler 3 | 1 . . . 1 . . . . . . . . 1 . Hauler 7 | . 2 . . . . . 3 . 1 . . . 1 . Recycler 10 | 1 . 1 . 2 . . 4 . 2 . . . . . Mechanic 1 | . . . . . . . 1 . . . . . . . Operator 4 | . 1 . . . . . 1 . 2 . . . . . Watcher 3 | . 2 . . . . . . . . . 1 . . . Swarmer 50 | . . . . 6 3 6 . 21 5 9 . . . . Grunt 69 | . 16 4 . 3 1 17 15 5 5 3 . . . . Brawler 3 | . . . . . . 1 1 1 . . . . . . Duelist 4 | . . . . . . . 3 . 1 . . . . . Sentry 14 | . . . . . . 6 2 . 5 . . . 1 . Specialist 6 | . . . . . 4 2 . . . . . . . . Programmer 4 | . . . . . . . . . . 4 . . . . Best Kill Streak 14 | 2 4 2 . 5 3 6 5 14 7 3 1 . 1 . Combat Bots Only 14 | . 4 2 . 4 3 6 4 14 4 3 . . 1 . Max Kills in Single Turn 4 | 1 1 1 . 3 1 2 2 4 4 2 1 . 1 . Gunslinging 3 | . . . . . . 1 . 3 . 1 . . . . Exploded 3 | . . . . 3 . 2 2 2 1 2 . . . . Melee . | . . . . . . . . . . . . . . . Uniques/NPCs Destroyed . | . . . . . . . . . . . . . . . Combat | -11 -10 -10 -10 -9 -8 -8 -8 -8 -8 -8 -7 -7 -7 -7 -------- Run | Yrd Mat Min Exi Min Mat Gar Mat Gar Mat Gar Fac Was Fac Sto Hostile Shots Fired 919 | . 72 13 . 37 56 136 113 53 33 67 . 5 317 17 Missed 349 | . 21 5 . 15 18 34 39 17 7 19 . 1 167 6 Hits 570 | . 51 8 . 22 38 102 74 36 26 48 . 4 150 11 Melee 5 | . . . . . . . 1 . . . . 4 . . Projectile 565 | . 51 8 . 22 38 102 73 36 26 48 . . 150 11 Critical Strikes 17 | . 1 . . . 1 6 2 . 1 4 . 1 1 . Damage Taken 7549 | . 669 109 . 200 387 1533 1354 404 514 715 . 206 1337 121 Core 1415 | . 109 15 . 49 55 90 160 84 66 85 . 57 524 121 Absorbed by Shields . | . . . . . . . . . . . . . . . Regen/Repaired (Parts) 213 | . 213 . . . . . . . . . . . . . Core Remaining (%) 43 | 100 . . . 30 . . . . . 1 . . . . Volleys Fired 297 | 2 53 12 . 30 15 66 51 17 27 22 1 . 1 . Largest 4 | 2 2 2 . 2 4 4 4 4 4 4 4 . 1 . Hottest 276 | 40 60 60 . 60 100 91 200 200 276 220 220 . 55 . Shots Fired 910 | 4 106 24 . 59 60 208 204 68 97 75 4 . 1 . Gun 669 | 4 5 . . . 58 196 204 68 85 44 4 . 1 . Cannon 232 | . 101 24 . 58 2 4 . . 12 31 . . . . Launcher 9 | . . . . 1 . 8 . . . . . . . . Special . | . . . . . . . . . . . . . . . Kinetic 529 | 4 106 24 . 58 60 199 76 . 2 . . . . . Thermal 32 | . . . . . . 1 . . . 31 . . . . Explosive 9 | . . . . 1 . 8 . . . . . . . . Electromagnetic 340 | . . . . . . . 128 68 95 44 4 . 1 . Robot Hit Streak 13 | 3 9 7 . 6 11 13 12 9 10 9 2 . . . Robot Miss Streak 9 | . 4 2 . 9 3 4 4 7 4 4 . . . . Penetration Max . | . . . . . . . . . . . . . . . Secondary Targets 25 | . . . . . . 7 5 8 2 3 . . . . Max Gunslinging Chain 3 | . . . . . . 2 1 3 1 1 . . . . Shots Hit Robots 550 | 3 65 14 . 25 35 129 138 41 55 37 1 . 7 . Core Hits 320 | 3 27 8 . 16 14 73 78 34 40 23 1 . 3 . Critical Kills 1 | . 1 . . . . . . . . . . . . . Critical Parts Destroyed 4 | . . . . . . 1 . . . . . . 3 . Critical Strikes 10 | . 3 . . 2 . 1 . . . . 1 . 3 . Destroy 2 | . 1 . . . . 1 . . . . . . . . Blast 4 | . 2 . . 2 . . . . . . . . . . Corrupt 1 | . . . . . . . . . . . 1 . . . Smash 3 | . . . . . . . . . . . . . 3 . Melee Attacks 30 | . . . . . . . . 14 . . . . 16 . Impact 30 | . . . . . . . . 14 . . . . 16 . Slashing . | . . . . . . . . . . . . . . . Piercing . | . . . . . . . . . . . . . . . Sneak Attacks 2 | . . . . . . . . . . . . . 2 . Combat Hostiles . | . . . . . . . . . . . . . . . Follow-up Attacks . | . . . . . . . . . . . . . . . Damage Inflicted 12073 | 31 1202 261 . 550 475 2475 3337 941 1452 1037 36 . 276 . Guns 6989 | 31 39 . . . 475 1859 2678 655 849 367 36 . . . Cannons 2550 | . 1142 246 . 463 . . . . 189 510 . . . . Explosions 2150 | . . . . 87 . 616 659 216 412 160 . . . . Melee 312 | . . . . . . . . 69 . . . . 243 . Ramming 72 | . 21 15 . . . . . 1 2 . . . 33 . Kinetic 5004 | 31 1181 246 . 463 475 1859 749 . . . . . . . Thermal 1957 | . . . . . . . 659 216 412 670 . . . . Explosive 703 | . . . . 87 . 616 . . . . . . . . Electromagnetic 4025 | . . . . . . . 1929 655 1038 367 36 . . . Impact 312 | . . . . . . . . 69 . . . . 243 . Slashing . | . . . . . . . . . . . . . . . Piercing . | . . . . . . . . . . . . . . . Highest Corruption 21 | . . . . . . . . 1 1 4 . 17 21 16 Average Corruption 5 | . . . . . . . . 1 1 1 . 10 18 16 Corruption Purged 8 | . . . . . . . . . . . . . 8 . Corruption Blocked . | . . . . . . . . . . . . . . . Effects 46 | . . . . . . . . . 8 7 . 4 26 1 Message Errors 13 | . . . . . . . . . 4 1 . 1 6 1 Matter Fused 10 | . . . . . . . . . 1 2 . 1 6 . Heat Flow Errors 6 | . . . . . . . . . . 1 . . 5 . Energy Discharges 6 | . . . . . . . . . 2 1 . . 3 . Parts Rejected 2 | . . . . . . . . . . . . . 2 . Data Loss (minor) 7 | . . . . . . . . . 1 . . 2 4 . Alerts 2 | . . . . . . . . . . 2 . . . . Overload Shots . | . . . . . . . . . . . . . . . Overflow Damage 262 | . 3 . . . . 48 . 19 33 15 . . 144 . Projectiles 11 | . 3 . . . . . . . 1 7 . . . . Explosions 96 | . . . . . . 48 . 8 32 8 . . . . Melee 155 | . . . . . . . . 11 . . . . 144 . Knockbacks 23 | . 19 1 . 2 . . . 1 . . . . . . Impact 1 | . . . . . . . . 1 . . . . . . Kinetic 21 | . 18 1 . 2 . . . . . . . . . . Secondary 1 | . 1 . . . . . . . . . . . . . Self-Inflicted Damage 437 | . . . . . . 66 109 60 134 54 . . 14 . Shots 12 | . . . . . . 4 3 2 2 1 . . . . Rammed 16 | . 3 3 . . . . . 1 1 . . . 8 . Targets Rammed 16 | . 3 3 . . . . . 1 1 . . . 8 . Kicked . | . . . . . . . . . . . . . . . Crushed . | . . . . . . . . . . . . . . . Highest Temperature 421 | . 51 30 . 72 . 421 282 204 189 366 60 . 220 . Average Temperature 79 | . 20 24 . 22 . 100 86 82 56 149 31 . 97 . Received Heat Transfer 2712 | . 372 63 . 36 27 792 648 54 171 153 . . 387 9 Effects 3 | . . . . . . 2 . . . 1 . . . . Shutdowns 1 | . . . . . . 1 . . . . . . . . Interference 2 | . . . . . . 1 . . . 1 . . . . Siege Activations . | . . . . . . . . . . . . . . . Martial Activations . | . . . . . . . . . . . . . . . Shielding Activations . | . . . . . . . . . . . . . . . Robots Disrupted . | . . . . . . . . . . . . . . . Combat Hostiles . | . . . . . . . . . . . . . . . Robots Corrupted 6 | . . . . . . . 1 1 2 . . . 2 . Combat Hostiles 3 | . . . . . . . 1 . 1 . . . 1 . Parts Fried 26 | . . . . . . . 12 2 7 1 . . 4 . Impact Corruptions 6 | . . . . . . . . 1 . . . . 5 . Robots Melted . | . . . . . . . . . . . . . . . Combat Hostiles . | . . . . . . . . . . . . . . . Parts Melted 9 | . . . . . . . . 2 1 6 . . . . Heat Transferred 2290 | . . . . . . . 750 300 300 940 . . . . Parts Sabotaged . | . . . . . . . . . . . . . . . Parts Stolen . | . . . . . . . . . . . . . . . Parts Stripped . | . . . . . . . . . . . . . . . Power Chain Reactions 22 | . . . . . . . 9 4 7 2 . . . . Alert | -11 -10 -10 -10 -9 -8 -8 -8 -8 -8 -8 -7 -7 -7 -7 ------- Run | Yrd Mat Min Exi Min Mat Gar Mat Gar Mat Gar Fac Was Fac Sto Maximum Alert Level 4 | . . . . . . 3 2 4 3 3 2 . 1 . Low Security (%) 47 | 100 100 100 . 100 100 15 . . . . . 100 88 100 Level 1 4 | . . . . . . 12 1 1 . . 56 . 11 . Level 2 34 | . . . . . . 33 98 43 90 64 43 . . . Level 3 13 | . . . . . . 38 . 50 9 35 . . . . Level 4 . | . . . . . . . . 4 . . . . . . Level 5 . | . . . . . . . . . . . . . . . High Security . | . . . . . . . . . . . . . . . Max Security . | . . . . . . . . . . . . . . . Peak Influence 1170 | 10 140 90 . 119 71 974 631 1170 726 861 451 123 284 138 Initial 570 | . . 40 . . . 26 474 375 570 453 451 123 2 128 Average 336 | . 45 7 . 45 24 549 533 763 600 667 389 71 46 129 Influence Increases 5390 | 10 528 163 . 294 192 1038 704 795 662 408 31 . 555 10 Destroy 0b10 Robot/C 3080 | . 320 120 . 220 160 640 420 540 320 320 . . 20 . Destroy 0b10 Robot/NC 200 | 10 25 5 . 20 . . 65 5 55 . 5 . 10 . Destroy Leader 468 | . 98 30 . 30 20 20 96 30 102 30 2 . 10 . Allied During Kill 12 | . . 8 . 4 . . . . . . . . . . Trap Triggered on 0b10 10 | . . . . . . . . . . . . . . 10 Successful Hack 131 | . 24 . . . 10 . 5 . 15 28 24 . 25 . Select Force Hacks 110 | . 60 . . . . . . . . . . . 50 . Disable Machine 180 | . . . . . . . 15 75 75 . . . 15 . Anti-Garrison Action 400 | . . . . . . 300 . 100 . . . . . . Destroy Structure 184 | . 1 . . 5 2 33 28 45 50 15 . . 5 . Partial Spotted 45 | . . . . . . . . . . . . . 45 . Lose Combat Pursuer 570 | . . . . 15 . 45 75 . 45 15 . . 375 . Influence Decreases 5262 | 10 424 267 . 294 151 105 1100 203 1134 245 540 349 274 166 Entered New Map 2423 | . . 64 . . . 15 500 203 600 245 410 229 1 156 Time Decay 2457 | 10 404 161 . 254 151 . 530 . 514 . 130 80 213 10 Lost Part 280 | . 20 10 . . . 70 70 . 20 . . 30 60 . Lost Ally 102 | . . 32 . 40 . 20 . . . . . 10 . . Squads Dispatched 19 | . 5 . . . 2 . 7 . 1 . . . 4 . Investigation 4 | . 3 . . . . . . . . . . . 1 . Extermination 3 | . . . . . . . . . . . . . 3 . Reinforcement 7 | . 2 . . . 2 . 3 . . . . . . . Assault 3 | . . . . . . . 3 . . . . . . . Garrison 2 | . . . . . . . 1 . 1 . . . . . Intercept . | . . . . . . . . . . . . . . . Searches Triggered . | . . . . . . . . . . . . . . . Construction Impeded . | . . . . . . . . . . . . . . . Haulers Reinforced . | . . . . . . . . . . . . . . . Active Scanning Responses . | . . . . . . . . . . . . . . . Cargo Convoy Interrupts . | . . . . . . . . . . . . . . . Stealth | -11 -10 -10 -10 -9 -8 -8 -8 -8 -8 -8 -7 -7 -7 -7 --------- Run | Yrd Mat Min Exi Min Mat Gar Mat Gar Mat Gar Fac Was Fac Sto Distress Signals 9 | . 1 . . . . . 3 . 5 . . . . . Communications Jammed . | . . . . . . . . . . . . . . . Distress Signals . | . . . . . . . . . . . . . . . Times Spotted 248 | . 23 8 . 12 8 35 33 29 36 16 1 6 33 8 Peak Tracking Total 12 | . 3 2 . 4 4 7 7 10 5 3 1 6 12 8 Tactical Retreats 21 | . . . . 1 . 2 4 . 2 1 . . 11 . Traps | -11 -10 -10 -10 -9 -8 -8 -8 -8 -8 -8 -7 -7 -7 -7 ------- Run | Yrd Mat Min Exi Min Mat Gar Mat Gar Mat Gar Fac Was Fac Sto Traps Triggered 23 | . 2 . . . . 5 1 6 . 4 1 . 4 . Indirectly . | . . . . . . . . . . . . . . . Trap Hack Attempts . | . . . . . . . . . . . . . . . Triggered . | . . . . . . . . . . . . . . . Disarmed . | . . . . . . . . . . . . . . . Reprogrammed . | . . . . . . . . . . . . . . . Reused 1 | . . . . . . . . . . . . . . 1 Traps Reconfigurated 5 | . . . . . . . . 4 . . . . . 1 Traps Extracted . | . . . . . . . . . . . . . . . Installed . | . . . . . . . . . . . . . . . Triggered 1 | . . . . . . . . . . . . . . 1 Machines | -11 -10 -10 -10 -9 -8 -8 -8 -8 -8 -8 -7 -7 -7 -7 ---------- Run | Yrd Mat Min Exi Min Mat Gar Mat Gar Mat Gar Fac Was Fac Sto Machines Disabled 12 | . . . . . . . 1 5 5 . . . 1 . Max in Single Turn 2 | . . . . . . . 1 1 2 . . . 1 . Garrison Access 2 | . . . . . . . . . . . . . 2 . Machines Repaired . | . . . . . . . . . . . . . . . Machines Dismantled . | . . . . . . . . . . . . . . . Machines Sabotaged . | . . . . . . . . . . . . . . . Overloaded Fab Kills 1 | . . . . . . . . . . . . . 1 . Hacking | -11 -10 -10 -10 -9 -8 -8 -8 -8 -8 -8 -7 -7 -7 -7 --------- Run | Yrd Mat Min Exi Min Mat Gar Mat Gar Mat Gar Fac Was Fac Sto Machines Accessed 47 | . 9 . 2 . 3 3 5 1 9 2 2 . 11 . Terminals 32 | . 6 . . . 2 3 3 1 8 2 2 . 5 . Fabricators 3 | . . . . . . . . . . . . . 3 . Repair Stations 2 | . 1 . . . . . . . . . . . 1 . Recycling Units 2 | . 2 . . . . . . . . . . . . . Scanalyzers 1 | . . . . . . . 1 . . . . . . . Garrison Access 5 | . . . . . 1 . 1 . 1 . . . 2 . Total Hacks 125 | . 24 . 24 . 7 6 14 2 19 3 9 . 17 . Successful 75 | . 16 . 24 . 5 . 9 . 9 2 4 . 6 . Failed 50 | . 8 . . . 2 6 5 2 10 1 5 . 11 . Catastrophic 11 | . . . . . . 3 2 . 4 . . . 2 . Database Lockouts . | . . . . . . . . . . . . . . . Manual 64 | . 18 . 1 . 6 1 3 . 18 . 9 . 8 . Terminals 76 | . 18 . . . 6 6 6 2 18 3 9 . 8 . Fabricators 5 | . . . . . . . . . . . . . 5 . Repair Stations 6 | . 4 . . . . . . . . . . . 2 . Recycling Units 2 | . 2 . . . . . . . . . . . . . Scanalyzers 7 | . . . . . . . 7 . . . . . . . Garrison Access 5 | . . . . . 1 . 1 . 1 . . . 2 . Terminal Hacks 32 | . 3 . 24 . 1 . 1 . . 2 . . 1 . Record 23 | . . . 23 . . . . . . . . . . . Part Schematic 2 | . 1 . . . 1 . . . . . . . . . Robot Analysis 1 | . 1 . . . . . . . . . . . . . Prototype ID Bank 1 | . 1 . . . . . . . . . . . . . Branch Access Points 1 | . . . . . . . . . . . . . 1 . Emergency Access Points 1 | . . . . . . . . . . 1 . . . . Locate Traps 1 | . . . . . . . 1 . . . . . . . Patrol Navigation 1 | . . . . . . . . . . 1 . . . . Proto ID Catalog 1 | . . . 1 . . . . . . . . . . . Fabricator Hacks 1 | . . . . . . . . . . . . . 1 . Load Schematic 1 | . . . . . . . . . . . . . 1 . Repair Station Hacks 5 | . 4 . . . . . . . . . . . 1 . Scan Component 2 | . 2 . . . . . . . . . . . . . Repair 2 | . 2 . . . . . . . . . . . . . Refit 1 | . . . . . . . . . . . . . 1 . Recycling Unit Hacks . | . . . . . . . . . . . . . . . Scanalyzer 6 | . . . . . . . 6 . . . . . . . Insert Component 2 | . . . . . . . 2 . . . . . . . Analyze 4 | . . . . . . . 4 . . . . . . . Garrison Access Hacks 5 | . . . . . 1 . 1 . 1 . . . 2 . Unlock Access 3 | . . . . . 1 . 1 . 1 . . . . . Seal Access 2 | . . . . . . . . . . . . . 2 . Unauthorized Hacks 26 | . 9 . . . 3 . 1 . 8 . 4 . 1 . Terminals 23 | . 7 . . . 3 . 1 . 8 . 4 . . . Botnet 9 | . 2 . . . 1 . 1 . 3 . 2 . . . Skim 14 | . 5 . . . 2 . . . 5 . 2 . . . Fabricators 1 | . . . . . . . . . . . . . 1 . Overload 1 | . . . . . . . . . . . . . 1 . Repair Stations . | . . . . . . . . . . . . . . . Recycling Units 2 | . 2 . . . . . . . . . . . . . Tunnel 2 | . 2 . . . . . . . . . . . . . Scanalyzers . | . . . . . . . . . . . . . . . Garrison Access . | . . . . . . . . . . . . . . . Data Cores Recovered . | . . . . . . . . . . . . . . . Used . | . . . . . . . . . . . . . . . Hacking Detections 35 | . 7 . . . 2 3 5 1 8 1 2 . 6 . Full Trace Events 2 | . . . . . . 2 . . . . . . . . Feedback Events . | . . . . . . . . . . . . . . . Feedback Blocked . | . . . . . . . . . . . . . . . Robot Schematics Acquired . | . . . . . . . . . . . . . . . Robots Built . | . . . . . . . . . . . . . . . Authchips . | . . . . . . . . . . . . . . . Time . | . . . . . . . . . . . . . . . Total Robot Build Rating . | . . . . . . . . . . . . . . . Part Schematics Acquired 4 | . 1 . . . 1 . 2 . . . . . . . Parts Built . | . . . . . . . . . . . . . . . Authchips . | . . . . . . . . . . . . . . . Time . | . . . . . . . . . . . . . . . Total Part Build Rating . | . . . . . . . . . . . . . . . Parts Repaired 2 | . 2 . . . . . . . . . . . . . Time 52 | . 52 . . . . . . . . . . . . . Parts Recycled . | . . . . . . . . . . . . . . . Recycled Matter . | . . . . . . . . . . . . . . . Retrieved Matter . | . . . . . . . . . . . . . . . Retrieved Components . | . . . . . . . . . . . . . . . Parts Scanalyzed 2 | . . . . . . . 2 . . . . . . . Part Schematics Acquired 2 | . . . . . . . 2 . . . . . . . Parts Damaged 1 | . . . . . . . 1 . . . . . . . Bothacking | -11 -10 -10 -10 -9 -8 -8 -8 -8 -8 -8 -7 -7 -7 -7 ------------ Run | Yrd Mat Min Exi Min Mat Gar Mat Gar Mat Gar Fac Was Fac Sto Used RIF Installer 2 | . . . . . . 1 . 1 . . . . . . Watcher Feeds 1 | . . . . . . . . 1 . . . . . . Robots Hacked . | . . . . . . . . . . . . . . . Non-combat . | . . . . . . . . . . . . . . . Combat . | . . . . . . . . . . . . . . . Robot Hacks Applied . | . . . . . . . . . . . . . . . Relay Couplers Released . | . . . . . . . . . . . . . . . Fabnet Peak Effective % . | . . . . . . . . . . . . . . . Robots Rewired 1 | . . . . . . 1 . . . . . . . . Allies Hacked . | . . . . . . . . . . . . . . . Hacks Repelled . | . . . . . . . . . . . . . . . Allies | -11 -10 -10 -10 -9 -8 -8 -8 -8 -8 -8 -7 -7 -7 -7 -------- Run | Yrd Mat Min Exi Min Mat Gar Mat Gar Mat Gar Fac Was Fac Sto Total Allies 6 | . . 3 . 2 . 1 . . . . . . . . Largest Group 3 | . . 3 . 2 . 1 . . . . . . . . Highest-Rated Group 40 | . . 40 . 38 . 24 . . . . . . . . Highest-Rated Ally 31 | . . 16 . 31 . 24 . . . . . . . . Total Orders 3 | . . . . . . . . . . . . 3 . . EXPLORE 2 | . . . . . . . . . . . . 2 . . RETURN 1 | . . . . . . . . . . . . 1 . . Ally Attacks 27 | . . 22 . 4 . 1 . . . . . . . . Total Damage 307 | . . 221 . 62 . 24 . . . . . . . . Kills 6 | . . 4 . 2 . . . . . . . . . . Allies Corrupted . | . . . . . . . . . . . . . . . Allies Melted . | . . . . . . . . . . . . . . . Intel | -11 -10 -10 -10 -9 -8 -8 -8 -8 -8 -8 -7 -7 -7 -7 ------- Run | Yrd Mat Min Exi Min Mat Gar Mat Gar Mat Gar Fac Was Fac Sto Active Infowar (turns) 2002 | . 808 77 424 47 5 . . . 372 . . . 269 . Sensors 271 | . . 2 . . . . . . . . . . 269 . Terrain 372 | . . . . . . . . . 372 . . . . . Seismic 1359 | . 808 75 424 47 5 . . . . . . . . . Robot Analysis Total 1 | . 1 . . . . . . . . . . . . . Derelict Logs Recovered 3 | . . 2 . 1 . . . . . . . . . . Drone Launches 2 | . . . . . . . . . . . . 2 . . Drone Recoveries 1 | . . . . . . . . . . . . 1 . . Exploration | -11 -10 -10 -10 -9 -8 -8 -8 -8 -8 -8 -7 -7 -7 -7 ------------- Run | Yrd Mat Min Exi Min Mat Gar Mat Gar Mat Gar Fac Was Fac Sto Turns Passed 13378 | 115 2159 1647 424 770 440 1956 1495 1251 1419 557 276 162 684 23 Spaces Moved 5853 | 60 591 520 321 487 142 674 496 458 497 181 123 136 1124 43 Core 918 | 3 . . . . . . . . . . . 56 816 43 Treads 3775 | 57 591 475 . . 142 674 496 458 497 181 123 80 1 . Legs . | . . . . . . . . . . . . . . . Wheels 853 | . . 45 321 487 . . . . . . . . . . Hover . | . . . . . . . . . . . . . . . Flight 307 | . . . . . . . . . . . . . 307 . Fastest Speed 40 | 50 160 130 130 130 240 240 240 240 225 225 145 50 40 50 Average Speed 191 | 154 277 303 130 130 240 240 240 240 234 225 210 105 52 50 Slowest Speed 320 | 160 320 320 130 130 240 320 320 240 240 225 225 145 170 50 Overloaded Moves . | . . . . . . . . . . . . . . . Propulsion Burnouts . | . . . . . . . . . . . . . . . Robots Hopped 8 | . . . . . . . . . . . . . 8 . Potential Cave-ins . | . . . . . . . . . . . . . . . Cave-ins Triggered . | . . . . . . . . . . . . . . . Exploration Rate (%) 50 | 6 96 86 70 78 15 71 47 55 69 32 5 84 31 13 Regions Visited 14 Branch Regions 4 Pre-discovered Areas 7 | . 2 1 1 1 . . . . 2 . . . . . Known Exits Taken 5 | . . . 1 . 1 . 1 . 1 . . . 1 . Unknown Exits Taken 4 | 1 1 1 . 1 . . . . . . . . . . Scrap Searched 1 | . . . . 1 . . . . . . . . . . Spaces Dug 10 | . . . . . . 5 . . . . . . 5 . Terrain Destroyed 128 | . . . . 5 . 14 32 16 51 5 . . 5 . Melee 5 | . . . . . . . . . . . . . 5 . Projectile . | . . . . . . . . . . . . . . . AOE 123 | . . . . 5 . 14 32 16 51 5 . . . . Terrain Rammed . | . . . . . . . . . . . . . . . Walls Destroyed . | . . . . . . . . . . . . . . . Machines Disabled . | . . . . . . . . . . . . . . . Actions | -11 -10 -10 -10 -9 -8 -8 -8 -8 -8 -8 -7 -7 -7 -7 --------- Run | Yrd Mat Min Exi Min Mat Gar Mat Gar Mat Gar Fac Was Fac Sto Total 7289 | 75 1001 555 330 564 203 870 681 537 683 274 140 151 1180 45 Wait 647 | . 325 2 . 41 27 53 30 27 92 44 . 4 2 . Move 5826 | 59 590 519 320 486 142 672 496 457 497 180 123 135 1107 43 Hop 8 | . . . . . . . . . . . . . 8 . Pick Up 123 | 7 16 11 5 . 6 12 35 . 18 2 7 2 2 . Fast Attach 42 | 6 2 1 . 1 . 2 8 . 4 . 1 . 17 . Attach 35 | . 3 1 . . 5 6 8 . 4 . 3 2 2 1 Detach 7 | . . . . . . . 1 . 1 . . . 4 1 Swap 103 | 1 4 5 . 4 5 17 14 10 20 15 1 6 1 . Drop 101 | . 5 1 5 2 3 7 38 . 19 3 4 2 12 . Fire 297 | 2 53 12 . 30 15 66 51 17 27 22 1 . 1 . Melee 30 | . . . . . . . . 14 . . . . 16 . Ram 8 | . . . . . . . . . . . . . 8 . Kick . | . . . . . . . . . . . . . . . Crush 8 | . 3 3 . . . . . 1 1 . . . . . Escape Stasis 26 | . . . . . . 8 . 10 . 8 . . . . Rewire 28 | . . . . . . 27 . 1 . . . . . . Trap . | . . . . . . . . . . . . . . . Miscellaneous . | . . . . . . . . . . . . . . . Route ------- -11/Scrapyard -10/Materials (discovered 5 exits: *Mat x3 / [*Min] / *Sub) -10/Mines (discovered 4 exits: *Mat x2 / *Exi / *Sub) -10/Exiles (discovered 2 exits: *Min x2) -9/Mines -8/Materials -8/Garrison (discovered 4 exits: *Mat x4) -8/Materials (discovered 3 exits: *Fac x2 / Gar) -8/Garrison (discovered 3 exits: *Fac x2 / *Mat) -8/Materials (discovered 2 exits: *Fac / Gar) -8/Garrison -7/Factory (discovered 2 exits: Sto x2) -7/Waste -7/Factory (discovered 7 exits: *Fac x3 / *Sto x2 / Low x2) -7/Storage (discovered 2 exits: Fac / Rec) History --------- Turn | Location | Event 24 | -11/Scrapyard | Discovered new exit (range 15) 116 | -11/Scrapyard | Entered Materials 241 | -10/Materials | Discovered new exit (range 9) 336 | -10/Materials | Build established: Mutant 545 | -10/Materials | Discovered new exit (range 13) 574 | -10/Materials | Discovered new exit (range 8) 1101 | -10/Materials | Discovered new exit (range 16) 1182 | -10/Materials | Loaded intel: 9 trap records 1227 | -10/Materials | Learned 2 Storage zone layouts 1287 | -10/Materials | Learned location of 1 exit from Recycling 1307 | -10/Materials | Learned Storage garrison access intel 1321 | -10/Materials | Identified exit to Materials 1345 | -10/Materials | Learned Storage emergency access door positions 2193 | -10/Materials | Repaired Lgt. Treads 2221 | -10/Materials | Repaired Lgt. Treads 2275 | -10/Materials | Entered Mines 2276 | -10/Mines | Identified exit to Subcaves 2357 | -10/Mines | Found a damaged Exp. Sensor Array with a note attached 2363 | -10/Mines | Found Prototype Device 2380 | -10/Mines | Identified Exp. Sensor Array 2508 | -10/Mines | Learned Materials emergency access door positions 2817 | -10/Mines | Assisted by bots powering up and referring to "LRC-V3" 3034 | -10/Mines | Joined a pair of Derelicts in attacking an 0b10 outpost 3290 | -10/Mines | A weapon hastily lodged in a ceiling crevice suddenly fell to the ground 3431 | -10/Mines | Discovered exit to Materials (range 15) 3486 | -10/Mines | Deemed a non-threat by the Exiles lab entrance 3489 | -10/Mines | Discovered new exit (range 5) 3578 | -10/Mines | Found a Scrap Suit stashed away for nefarious purposes 3647 | -10/Mines | Learned location of Storage (-7) 3845 | -10/Mines | Assembled infested the area 3922 | -10/Mines | Entered Exiles 3923 | -10/Exiles | Identified exit to Mines 3954 | -10/Exiles | Met 8R-AWN 3976 | -10/Exiles | Met EX-HEX 4028 | -10/Exiles | Met EX-DEC 4034 | -10/Exiles | Learned location of Zion (-7) 4133 | -10/Exiles | Met EX-BIN 4147 | -10/Exiles | Aligned with FarCom system 4148 | -10/Exiles | Given EX-Vault access code 4178 | -10/Exiles | Opened EX-Vault 4184 | -10/Exiles | Found Prototype Processor 4186 | -10/Exiles | Found Prototype Device 4191 | -10/Exiles | Found Prototype Device 4194 | -10/Exiles | Identified Modified TNC 4194 | -10/Exiles | Identified Trap Reconfigurator 4194 | -10/Exiles | Identified Supersonic Drone Bay 4220 | -10/Exiles | Warned to stay clear of 0b10 Research branches 4346 | -10/Exiles | Stole three prototypes: Modified TNC, Trap Reconfigurator, Supersonic Drone Bay 4346 | -10/Exiles | Entered Mines 4507 | -9/Mines | Core integrity fell below 50% 5092 | -9/Mines | Discovered new exit (range 8) 5116 | -9/Mines | Entered Materials 5116 | -8/Materials | Evolved 4 slots: Propulsion x1, Utility x1, Weapon x2 5556 | -8/Materials | Identified exit to Garrison 5556 | -8/Materials | Entered Garrison 5603 | -8/Garrison | Discovered new exit (range 7) 5610 | -8/Garrison | Triggered checkpoint 5903 | -8/Garrison | Build established: Scavenger-Tank 6188 | -8/Garrison | Discovered new exit (range 12) 6270 | -8/Garrison | Triggered checkpoint 6522 | -8/Garrison | Triggered checkpoint 6575 | -8/Garrison | Discovered new exit (range 9) 6698 | -8/Garrison | Installed Relay Interface Framework 6872 | -8/Garrison | Triggered checkpoint 6900 | -8/Garrison | Triggered checkpoint 7207 | -8/Garrison | Build established: Scavenger-Skirmisher 7254 | -8/Garrison | Triggered checkpoint 7346 | -8/Garrison | Discovered new exit (range 8) 7392 | -8/Garrison | Triggered checkpoint 7512 | -8/Garrison | Entered Materials 7623 | -8/Materials | Lost 4 parts (1p1n2w) 7674 | -8/Materials | Garrison activated, responded to threat 7702 | -8/Materials | Met 7R-MNS 7883 | -8/Materials | Discovered new exit (range 11) 7912 | -8/Materials | First assault squad dispatched 8462 | -8/Materials | Discovered new exit (range 12) 8784 | -8/Materials | Core integrity fell below 50% 8912 | -8/Materials | Build established: Skirmisher 9007 | -8/Materials | Identified exit to Garrison 9007 | -8/Materials | Entered Garrison 9029 | -8/Garrison | Triggered checkpoint 9573 | -8/Garrison | Triggered checkpoint 9586 | -8/Garrison | Triggered checkpoint 9636 | -8/Garrison | Destroyed 14 combat bots 9733 | -8/Garrison | Triggered checkpoint 9802 | -8/Garrison | Expanded RIF knowledge: Watcher Feeds 9836 | -8/Garrison | Discovered new exit (range 3) 10031 | -8/Garrison | Triggered checkpoint 10201 | -8/Garrison | Discovered new exit (range 5) 10225 | -8/Garrison | Triggered checkpoint 10240 | -8/Garrison | Discovered new exit (range 7) 10258 | -8/Garrison | Entered Materials 10647 | -8/Materials | Discovered new exit (range 9) 11321 | -8/Materials | Learned 4 Factory zone layouts 11350 | -8/Materials | Learned 2 Storage zone layouts 11370 | -8/Materials | Learned Storage trap positions 11379 | -8/Materials | Learned 2 Storage zone layouts 11380 | -8/Materials | Learned location of Extension (-4) 11383 | -8/Materials | Learned location of 1 exit from Storage 11411 | -8/Materials | Learned location of 1 exit from Storage 11451 | -8/Materials | Garrison activated, responded to threat 11508 | -8/Materials | Core integrity fell below 20% 11677 | -8/Materials | Identified exit to Garrison 11677 | -8/Materials | Entered Garrison 11765 | -8/Garrison | Triggered checkpoint 12021 | -8/Garrison | Triggered checkpoint 12190 | -8/Garrison | Discovered new exit (range 15) 12234 | -8/Garrison | Entered Factory 12234 | -7/Factory | Evolved 2 slots: Propulsion x2 12235 | -7/Factory | Identified exit to Storage 12236 | -7/Factory | FarCom data flow suspended 12510 | -7/Factory | Sucked down chute 12510 | -7/Factory | Entered Waste 12525 | -7/Waste | EMP discharged 12554 | -7/Waste | Spotted C-40 Crusher 12564 | -7/Waste | Spotted C-40 Crusher 12566 | -7/Waste | Spotted C-40 Crusher 12570 | -7/Waste | Spotted C-40 Crusher 12625 | -7/Waste | EMP discharged 12625 | -7/Waste | System corruption reached 10% 12628 | -7/Waste | Spotted C-40 Crusher 12629 | -7/Waste | Spotted C-40 Crusher 12633 | -7/Waste | Crushed by Compactor (1 part destroyed, 2 dropped) 12640 | -7/Waste | Crushed by Compactor (1 part destroyed, 2 dropped) 12641 | -7/Waste | Crushed by Compactor (1 part destroyed, 2 dropped) 12641 | -7/Waste | Released all parts (6) 12666 | -7/Waste | Discovered new exit (range 11) 12672 | -7/Waste | Lost 3 parts (1p1n1w) 12672 | -7/Waste | Entered Factory 12684 | -7/Factory | Discovered new exit (range 12) 12896 | -7/Factory | Discovered new exit (range 9) 12899 | -7/Factory | Identified exit to Factory 12954 | -7/Factory | Build established: Mutant 13021 | -7/Factory | Discovered exit to Factory (range 13) 13280 | -7/Factory | Core integrity fell below 50% 13296 | -7/Factory | Identified exit to Lower Caves 13332 | -7/Factory | Core integrity fell below 20% 13356 | -7/Factory | Entered Storage 13357 | -7/Storage | Identified exit to Recycling 13360 | -7/Storage | Loaded intel: 7 trap records 13361 | -7/Storage | Loaded intel: 1 garrison access location 13379 | -7/Storage | Destroyed by S-27 Virus with Autogun Last Messages --------------- 13322_ Slammed into G-47 Trooper. 13329_ Slammed into G-50 Soldier. 13331_ System corrupted: Flail rejected. 13347_ Acquired 59 matter. 13349_ System corrupted: Matter fused (-6). LOCATION=STORAGE GOAL=ESCAPE Loading 1 Recycling entrance... Loading 1 Storage exit... Loading 6 Storage zones... Loading Storage trap records (x7)... Loading Storage garrison access intel (x1)... 13366_ BLBZ2DVNCLG4IQ2QVC1U5VYK&HZL/ 13371_ Blade Trap reprogrammed. 13371_ S-27 Virus triggered Blade Trap. 13371_ Massive razor-sharp blades shoot up from within the floor. 13371_ Autogun severed. 13378_ O-24 Administrator: "IFF HANDSHAKE FAILED. SECURING TERMINAL." Map ----- +----------------------------------------------------+ | | | | | | | | | | | | | | | | | ?????????????????????????????????####????????????? | | ???????????????????????????????? ? #??????????? | | ??????????????????????????????? #???????????? | | ?????????????????????????????? #???????????? | | ############################# #???????????? | | # """?????????????? | | + """?????????????? | | #????????????????????? | | ###+############+########ss #?????????????????#### | | # #??? [ ??????# s #?????????????????# "" | | # """ """ #?? ??????# #?????????????????#""R | | # """ """ #?""" """?????# #??????????????####"" | | # """ """ # """ """?????# #??????????????# | | # # """ """ ????# #??????????##### | | # #??"" """ ????# ########## # | | # #??"" ""? #???# s w #^ | | # #?? ????#???# m Y + """ " | | ?##########???##????????#@ u o # """ " | | ????????????????????????# #######+#### # """ " | | ????????????????????????# #???????????? ## | | ????????????????????????# #???????????? ######## | | ????????????????????????# #???????????? #??????# | | ????????????????????????# #???????????? #??????# | | ????????????????????????# #???????????? #??????# | | ????????????????????????# #???????????? #??????# | | # ## #????# ## """" ## ######## | | # ## #????# ## ## | | #+###+######+##+######??# ############# | | # #### ####????????# | | + #????????## ##" #### | | # ####### #?????????# ##"T#??# | | #### ######+#######?????# #?????????# #####??# | | #??# #??## ######??????# #?????????# #"""#??# | | #??# #??## # #??????# #????????##+#"T"#### | | ???# #??## " #??????# #???????## # | | #### #??###T# ######?# #???????# # | | # #??########## ##?# #???????## # | | # ####????????# #?# #????????# + | | # """#????????# ### ########## " "" # | | + Y"#????????# + ######## "R"" # | | # """#????????# T## # " ### """" # | | # ####????????###### + " ### # | +----------------------------------------------------+ Best States ------------- Heat Dissipation 88 Energy Generation 18 Energy Capacity 280 Matter Stores 300 Matter Capacity 300 Sight Range 16 Robot Scan Range 15 Terrain Scan Range 16 Terrain Scan Density 10 Armor Coverage 450 Utility Shielding 33 Evasion (%) 62 Targeting Accuracy 6 Recoil Reduction 5 Offensive Hacking 10 Item Schematics ----------------- Hcp. Storage Unit | -10/Materials | Hacked Transport Network Coupler | -8/Materials | Hacked Humpback | -8/Materials | Scanalyzed Arm. Treads | -8/Materials | Scanalyzed Robot Schematics ------------------ None Fabricated ------------ Nothing Repaired ---------- Lgt. Treads | 23% | -10/Materials Lgt. Treads | 24% | -10/Materials Alien Tech Used ----------------- None Achievements -------------- None Challenges ------------ None Game ------ Seed TachyonMappingNeutralizer Manual? 0 Play Time 01:23:39 Cumulative 719.6 hours Start 2025.06.08 @ 23:07:18 End 2025.06.09 @ 05:49:43 Sessions 3 Manual Loads 0 Difficulty Rogue Special Mode None Game No. 164 Rogue 164 Adventurer 0 Explorer 0 Win Type - Total 43 Types 12/6/9/2/1/1/8/2/1/1 Lore% 73 Gallery% 85 Achievement% 82 Wizard Run 0 Options --------- Layout 1 ASCII 0 Keyboard 0 Movement Mouse Keybinds 0 Fullscreen 2 Font 24/Smallcaps Map View 50x35 Zoom Use 0% Tactical HUD 1 Map Filters NONE Filters NONE Steam 1 RUN: c342ece2-a4ad-4a53-a0df-ae025f20c8c2